 Dungeon Crawl Stone Soup version 0.19-a0-139-gefc6d61 (webtiles) character file.

8789 Duffy the Thaumaturge (level 11, -2/58 HPs)
             Began as a Spriggan Enchanter on May 17, 2016.
             Was a Believer of Kikubaaqudgha.
             Slain by a hill giant
             ... wielding a +0 giant club
              (35 damage)
             ... on level 10 of the Dungeon.
             The game lasted 00:21:51 (13743 turns).

Duffy the Thaumaturge (Spriggan Enchanter)         Turns: 13743, Time: 00:21:52

Health: -2/58      AC:  6    Str:  4    XL:     11   Next: 14%
Magic:  22/26      EV: 27    Int: 17    God:    Kikubaaqudgha [**....]
Gold:   522        SH:  0    Dex: 20    Spells: 7 memorised, 14 levels left

rFire  . . .     SeeInvis +     V - +0 dagger (elec)
rCold  . . .     Gourm    .     b - +1 robe
rNeg   . . .     Faith    .     (shield restricted)
rPois  .         Spirit   .     (helmet restricted)
rElec  .         Dismiss  .     Y - +2 cloak
rCorr  .         Reflect  .     (gloves unavailable)
SustAt .         Harm     .     (boots unavailable)
MR     +....                    (no amulet)
Stlth  +++++.....               (no ring)
                                l - ring of flight

@: very quick, somewhat resistant to hostile enchantments, quite stealthy
A: unfitting armour, see invisible, herbivore 3, speed 3, slow metabolism 2
a: Receive Corpses, Renounce Religion, Evoke Flight


You were on level 10 of the Dungeon.
You worshipped Kikubaaqudgha.
Kikubaaqudgha was pleased with you.
You were not hungry.

You visited 2 branches of the dungeon, and saw 11 of its levels.
You also visited: Sewer.

You collected 522 gold pieces.


Innate Abilities, Weirdness & Mutations

You are tiny and cannot use many weapons and most armour.
You have supernaturally acute eyesight.
You are a herbivore.
You cover ground extremely quickly.
You need consume almost no food.


   Skills:
 - Level 7.5 Fighting
 - Level 4.0 Short Blades
 - Level 10.0 Dodging
 - Level 10.0 Stealth
 - Level 10.2 Spellcasting
 - Level 9.0 Hexes
 + Level 2.4 Charms
 + Level 1.5 Necromancy
 - Level 2.0 Ice Magic


You had 14 spell levels left.
You knew the following spells:

 Your Spells              Type           Power        Failure   Level  Hunger
a - Ensorcelled Hibernat  Hex/Ice        ####..       1%          2    None
c - Confuse               Hex            #####...     1%          3    None
j - Dazzling Spray        Conj/Hex       ###...       4%          3    None
l - Tukima's Dance        Hex            #####...     1%          3    None
r - Corona                Hex            #####..      1%          1    None
y - Regeneration          Chrm/Necr      ###.......   12%         3    None
S - Animate Skeleton      Necr           N/A          4%          1    None

Inventory:

Hand Weapons
 a - a +1 dagger
 z - a +0 dagger of venom
 C - a +0 blowgun
 I - the +4 spear of Defiance {elec, *Contam +Rage MP+9 Str+2, unknown} Occasionally, upon striking a foe, it will discharge some electrical energy and cause terrible harm. It affects your strength (+2). It affects your magic capacity (+9). It lets you go berserk. It causes magical contamination when unequipped.
 S - a +0 demon trident of venom
 T - a +3 scimitar of flaming
 V - a +0 dagger of electrocution (weapon)
Missiles
 u - 14 tomahawks (quivered)
 D - 87 poisoned needles
Armour
 b - a +1 robe (worn)
 Y - a +2 cloak (worn)
Magical Staves
 R - an uncursed staff of conjuration {unknown}
Jewellery
 l - a ring of flight (left hand)
 v - an uncursed amulet of magic regeneration {unknown}
 O - an uncursed ring of sustain attributes {unknown}
Wands
 f - a wand of teleportation (5/9)
 p - a wand of paralysis (12/24)
 r - a wand of iceblast (5/15)
 J - a wand of polymorph (14/24)
 K - a wand of iceblast (9/15)
 Q - a wand of iceblast (10/15)
 Z - a wand of iceblast (4/15)
Scrolls
 e - 7 scrolls of identify {unknown}
 g - 5 scrolls of noise {unknown}
 i - 3 scrolls of recharging {unknown}
 j - 3 scrolls of teleportation {unknown}
 k - 2 scrolls of fear {unknown}
 n - 3 scrolls of enchant armour {unknown}
 o - 6 scrolls of remove curse {unknown}
 x - a scroll of fog {unknown}
 y - 3 scrolls of amnesia {unknown}
 G - a scroll of random uselessness {unknown}
 H - 2 scrolls of magic mapping {unknown}
Potions
 h - 2 potions of lignification {unknown}
 m - 3 potions of heal wounds {unknown}
 q - a potion of brilliance {unknown}
 s - 5 potions of flight {unknown}
 t - a potion of berserk rage {unknown}
 A - a potion of agility {unknown}
 B - 6 potions of might {unknown}
 E - 3 potions of curing {unknown}
 L - 2 potions of ambrosia {unknown}
 P - a potion of degeneration {unknown}
 W - a potion of cancellation {unknown}
Books
 c - a book of Maledictions
 N - a Necronomicon
 U - Kikubaaqudgha's Compendium of Darkness

   Spells                             Type                      Level
   a - Animate Skeleton               Necromancy                   1
   b - Corpse Rot                     Necromancy                   2
   c - Sublimation of Blood           Necromancy                   2
   d - Regeneration                   Charms/Necromancy            3
   e - Control Undead                 Necromancy                   4
 X - a book of Ice
Comestibles
 d - 6 bread rations
 M - 8 slices of pizza

Dungeon Overview and Level Annotations

Branches:
Dungeon (10/15)            Temple (1/1) D:4            Lair (0/8) D:8
    Orc (0/2) D:9

Altars:
Ashenzari
Cheibriados
Dithmenos
Elyvilon
Fedhas
Gozag
Kikubaaqudgha
Makhleb
Nemelex Xobeh
Okawaru
Pakellas
Qazlal
Ru
Sif Muna
Trog
Vehumet
Xom
Yredelemnul
Zin
The Shining One

Shops:
D:7 :   D:8 (


Message History

Found 25 stones.
The helpless centaur fails to defend itself.
You perforate the centaur like a sieve!!!
You kill the centaur!
Kikubaaqudgha accepts your kill.
Found a scroll labeled OCUCAN VAGE.
The helpless adder fails to defend itself.
You skewer the adder like a kebab!!!
You kill the adder!
Kikubaaqudgha accepts your kill.
Cast which spell? (? or * to list)
Aiming: Confuse
Press: ? - help, Shift-Dir - straight line, f - hill giant
Aim: a hill giant, wielding a giant club (resting, chance to defeat MR: 50%)
The hill giant shouts!
The hill giant appears confused.
Cast which spell? (? or * to list)
Aiming: Confuse
Press: ? - help, Shift-Dir - straight line, f/p - hill giant
Aim: a hill giant, wielding a giant club (confused, chance to defeat MR: 50%)
The hill giant resists with some effort.
You hit the hill giant but do no damage.
The hill giant closely misses you.
You hit the hill giant.
The hill giant is lightly wounded.
You hit the hill giant but do no damage.
The hill giant hits you with a giant club!!
You hit the hill giant but do no damage.
There is a sudden explosion of sparks!
The hill giant is moderately wounded.
You catch the helpless hill giant completely off-guard!
You impale the hill giant!!
There is a sudden explosion of sparks!
The hill giant is almost dead.
You hit the hill giant but do no damage.
The hill giant is almost dead.
The hill giant shakes.
Found 10 gold pieces.
You hit the hill giant but do no damage.
The hill giant is almost dead.
You see here 25 stones.
You hit the hill giant but do no damage.
The hill giant is almost dead.
You hit the hill giant but do no damage.
The hill giant is almost dead.
You hit the hill giant but do no damage.
The hill giant is almost dead.
The hill giant hits you with a giant club!!
Ouch! That really hurt!
You die...
Kikubaaqudgha rasps: "You have failed me!
Welcome... death!"

#$ ....############
#..............#
+..............+
#..............#
#..............#
#.........).?..#
#....).....@...#
#...........C..#
#####..............#
#...........########
#...........#
##...........#
.....?.......##
......##......#
......##....%.#


You could see a hill giant (confused).

Action                   |  1- 3 |  4- 6 |  7- 9 | 10-12 || total
-------------------------+-------+-------+-------+-------++-------
Melee: Dagger            |   156 |   218 |   361 |   131 ||   866
 Cast: Ensorcelled Hiber |     1 |    41 |   113 |    80 ||   235
       Confuse           |       |     7 |    22 |    15 ||    44
 Stab: Sleeping          |    18 |    36 |    83 |    63 ||   200
       Distracted        |       |     2 |       |       ||     2
       Confused          |       |     3 |    16 |    10 ||    29
  Eat: Fruit             |       |     2 |       |     1 ||     3
       Bread ration      |       |     1 |       |       ||     1
       Royal jelly       |       |       |     1 |       ||     1
       Pizza             |       |       |       |     2 ||     2
Armor: Robe              |    20 |    20 |    40 |     5 ||    85
Dodge: Dodged            |   122 |   129 |   301 |    76 ||   628

Notes
Turn   | Place    | Note
--------------------------------------------------------------
     0 | D:1      | Duffy the Spriggan Enchanter began the quest for the Orb.
     0 | D:1      | Reached XP level 1. HP: 9/9 MP: 5/5
   203 | D:1      | Reached XP level 2. HP: 13/13 MP: 6/6
   208 | D:1      | Reached skill level 5 in Stealth
   215 | D:1      | Learned a level 2 spell: Ensorcelled Hibernation
   288 | D:1      | Reached skill level 2 in Short Blades
   792 | D:2      | Reached XP level 3. HP: 16/16 MP: 8/8
  1172 | D:1      | Learned a level 3 spell: Confuse
  1182 | D:2      | Found a glowing golden altar of the Shining One.
  1366 | D:3      | Found a deep blue altar of Sif Muna.
  1455 | D:3      | Reached skill level 6 in Stealth
  1641 | D:3      | Reached skill level 3 in Short Blades
  1696 | D:3      | Reached XP level 4. HP: 20/21 MP: 9/9
  1831 | D:3      | Reached skill level 3 in Spellcasting
  2668 | D:4      | Found a staircase to the Ecumenical Temple.
  2676 | Temple   | Entered the Ecumenical Temple
  2857 | D:4      | Reached XP level 5. HP: 24/24 MP: 11/11
  2861 | D:4      | Found a sacrificial altar of Ru.
  2874 | D:4      | Reached skill level 4 in Short Blades
  2874 | D:4      | Reached skill level 4 in Spellcasting
  2933 | D:4      | Learned a level 3 spell: Tukima's Dance
  2937 | D:4      | Learned a level 3 spell: Dazzling Spray
  3467 | D:4      | Reached skill level 4 in Hexes
  3679 | D:4      | Noticed a phantom
  3897 | D:4      | Reached XP level 6. HP: 28/28 MP: 14/14
  4090 | D:3      | Reached skill level 5 in Spellcasting
  4246 | D:2      | Reached skill level 5 in Hexes
  4632 | D:2      | Noticed Crazy Yiuf
  4649 | D:2      | Killed Crazy Yiuf
  5130 | D:5      | Entered Level 5 of the Dungeon
  5135 | D:5      | Reached skill level 6 in Spellcasting
  5138 | D:5      | Reached XP level 7. HP: 32/32 MP: 13/17
  5184 | D:5      | Reached skill level 6 in Hexes
  5223 | D:5      | Found an opulent altar of Gozag.
  5249 | D:5      | Found a white marble altar of Elyvilon.
  5459 | D:5      | Found a glowing drain.
  5466 | Sewer    | Entered a sewer
  5710 | Sewer    | Reached skill level 7 in Spellcasting
  6188 | D:5      | Reached skill level 7 in Hexes
  6546 | D:5      | Reached XP level 8. HP: 36/36 MP: 11/20
  6742 | D:5      | Reached skill level 8 in Spellcasting
  6917 | D:6      | Noticed Pikel
  7172 | D:5      | Reached skill level 8 in Hexes
  7407 | D:5      | Killed Pikel
  7407 | D:5      | Reached skill level 10 in Spellcasting
  7607 | D:6      | Reached skill level 1 in Ice Magic
  7718 | D:6      | Reached XP level 9. HP: 39/39 MP: 21/24
  7758 | D:6      | Got a dazzling spear
  7781 | D:6      | Found a basalt altar of Yredelemnul.
  7814 | D:6      | Reached skill level 2 in Ice Magic
  7939 | D:6      | Reached skill level 9 in Hexes
  7982 | D:6      | Reached skill level 1 in Fighting
  8083 | D:6      | Noticed Menkaure
  8087 | D:6      | Killed Menkaure
  8087 | D:6      | Reached skill level 2 in Fighting
  8853 | D:7      | Reached skill level 3 in Fighting
  8855 | D:7      | Reached skill level 7 in Stealth
  9125 | D:7      | Reached skill level 8 in Stealth
  9290 | D:7      | Reached skill level 4 in Fighting
  9485 | D:7      | Reached skill level 9 in Stealth
  9817 | D:7      | Found Uczitoag's Book Emporium.
 10191 | D:7      | Found a snail-covered altar of Cheibriados.
 10364 | D:8      | Found an ancient bone altar of Kikubaaqudgha.
 10369 | D:8      | Reached skill level 5 in Fighting
 10379 | D:8      | Became a worshipper of Kikubaaqudgha
 10432 | D:8      | Reached skill level 10 in Stealth
 10432 | D:8      | Reached XP level 10. HP: 51/51 MP: 25/25
 10534 | D:8      | Found a staircase to the Lair.
 10560 | D:8      | Reached skill level 4 in Dodging
 10919 | D:8      | Reached skill level 5 in Dodging
 11097 | D:8      | Found Cuary's Antique Weapon Boutique.
 11462 | D:9      | Reached skill level 6 in Fighting
 11590 | D:9      | Reached skill level 6 in Dodging
 11741 | D:9      | Noticed Prince Ribbit
 11895 | D:9      | Killed Prince Ribbit
 11979 | D:9      | Reached skill level 7 in Dodging
 12020 | D:9      | Noticed Erica
 12042 | D:9      | Killed Erica
 12042 | D:9      | Reached skill level 8 in Dodging
 12218 | D:9      | Reached skill level 7 in Fighting
 12275 | D:9      | Reached skill level 9 in Dodging
 12279 | D:9      | Reached * piety under Kikubaaqudgha
 12279 | D:9      | Received a gift from Kikubaaqudgha
 12282 | D:9      | Identified Kikubaaqudgha's Compendium of Darkness (Kikubaaqudgha gifted it to you on level 9 of the Dungeon)
 12644 | D:9      | Found a staircase to the Orcish Mines.
 12884 | D:9      | Reached XP level 11. HP: 50/58 MP: 9/26
 13198 | D:9      | Reached skill level 10 in Dodging
 13254 | D:9      | Learned a level 3 spell: Regeneration
 13256 | D:9      | Learned a level 1 spell: Animate Skeleton
 13546 | D:10     | Entered Level 10 of the Dungeon
 13610 | D:10     | Noticed Maurice
 13617 | D:10     | Killed Maurice
 13617 | D:10     | Reached skill level 1 in Charms
 13617 | D:10     | Reached skill level 1 in Necromancy
 13642 | D:10     | Reached skill level 2 in Charms
 13682 | D:10     | Reached ** piety under Kikubaaqudgha
 13713 | D:10     | Noticed a hill giant
 13743 | D:10     | Slain by a hill giant

Skill      XL: |  1  2  3  4  5  6  7  8  9 10 11 |
---------------+----------------------------------+-----
Stealth        | 5 6 10 | 10.0
Short Blades   | 2 3 4 |  4.0
Spellcasting   | 3 4 6 7 10 | 10.2
Hexes          | 4 5 7 8 9 |  9.0
Ice Magic      | 1 2 |  2.0
Fighting       | 5 7 |  7.5
Dodging        | 9 10 | 10.0
Charms         | 2 |  2.4
Necromancy     | 1 |  1.5

Vault maps used:
D:1:      wheals_arrival_shading
D:2:      tso_metal_star, first_bread, feat_on_display, uniq_crazy_yiuf_cottage
D:3:      led_sif_pool
D:4:      kennysheep_slugbush, lemuel_doored_altar,
          minmay_temple_entry_statues_fountains, moated_statue,
          kennysheep_generic_room_4
D:5:      elyvilon_altar_4, overflow_temple_1_default, gup_sewer_entry_bubbles
D:6:      yredelemnul_altar_generic, minmay_fountain_box, uniq_pikel,
          uniq_menkaure
D:7:      old_standard_altar, serial_shops, shop, kennysheep_small_square
D:8:      kiku_gazebo_garden_becter, dpeg_lair_monsters, serial_shops,
          kennysheep_little_box, grunt_pizzeria
D:9:      david_orc_4, uniq_prince_ribbit1, uniq_erica
D:10:     serial_shops, shop_statue, lemuel_flame_loot_1, uniq_maurice,
          uniq_sonja, uniq_snorg
Temple:   circular_temple_13
Sewer:    kennysheep_pipe_town

Vanquished Creatures
  Erica Pikel Maurice
  A two-headed ogre Prince Ribbit
  2 wyverns
  5 yaks
  A human
  3 hippogriffs
  3 hungry ghosts Menkaure
  3 water moccasins
  6 orc warriors
  A necrophage
  A sky beast
  An ice beast
  4 phantoms
  4 slaves
  A wasp
  A black bear
  3 ogres
  5 centaurs
  3 big kobolds
  4 scorpions
  7 killer bees
  3 wights
  A howler monkey
  4 crimson imps
  A giant frog zombie
  4 jellies
  5 hounds Crazy Yiuf
  10 orc priests
  8 orc wizards
  A centaur skeleton
  5 iguanas
  9 worker ants
  A howler monkey zombie
  7 gnolls
  11 adders
  A river rat
  2 shadow imps
  3 oozes
  3 adder skeletons
  4 worms
  13 dart slugs
  11 giant geckos
  38 orcs
  5 ball pythons
  11 bats
  8 giant cockroaches
  8 goblins
  5 hobgoblins
  7 quokkas
  A giant cockroach zombie
  A giant gecko skeleton
  8 giant newts
  A jackal skeleton
  31 kobolds
  6 rats
302 creatures vanquished.
